 Dungeon Crawl Stone Soup version 0.20-a0-969-g5a5da1e (webtiles) character file.

91 Fang the Chopper (level 4, -8/37 HPs)
             Began as a Demonspawn Berserker on Apr 18, 2018.
             Was a Believer of Trog.
             Mangled by insainron1367's ghost (13 damage)
             ... on level 3 of the Dungeon.
             The game lasted 00:03:18 (3543 turns).

Fang the Chopper (Demonspawn Berserker)             Turns: 3543, Time: 00:03:19

Health: -8/37      AC:  3    Str: 18    XL:     4   Next: 33%
Magic:  4/4        EV: 12    Int:  8    God:    Trog [**....]
Gold:   120        SH:  0    Dex: 13    Spells: 3/3 levels left

rFire    + . .     SeeInvis .   a - +0 hand axe
rCold    . . .     Gourm    .   (no shield)
rNeg     . . .     Faith    .   b - +0 animal skin
rPois    .         Spirit   .   (no helmet)
rElec    .         Reflect  .   (no cloak)
rCorr    .         Harm     .   h - +0 pair of gloves
MR       .....                  (no boots)
Stlth    ++........             (no amulet)
Regen    0.2/turn               (no ring)
MPRegen  0.1/turn               (no ring)

@: exhausted, starving, slowed, very slow
A: fire resistance 1, nightstalker 1
a: Berserk, Trog's Hand, Burn Spellbooks, Renounce Religion


You were on level 3 of the Dungeon.
You worshipped Trog.
Trog was pleased with you.
You were starving.

You visited 1 branch of the dungeon, and saw 3 of its levels.

You collected 120 gold pieces.

Inventory:

Hand Weapons
 a - a +0 hand axe (weapon)
Armour
 b - a +0 animal skin (worn)
 h - a +0 pair of gloves (worn)
Jewellery
 e - an uncursed ring of protection from magic {unknown}
Scrolls
 f - a scroll of identify {unknown}
 i - 2 scrolls of blinking {unknown}
 n - a scroll of teleportation {unknown}
 o - a scroll of enchant weapon {unknown}
 p - a scroll of magic mapping {unknown}
Potions
 d - 2 potions of might {unknown}
 g - a potion of curing {unknown}
 j - a potion of lignification {unknown}
 k - a potion of invisibility {unknown}
 l - 2 potions of mutation {unknown}
 m - a potion of heal wounds {unknown}
Comestibles
 c - 3 bread rations


   Skills:
 + Level 3.7 Fighting
 + Level 3.9 Axes
 + Level 1.8 Armour
 + Level 2.1 Dodging
 + Level 0.2 Stealth


You had 3 spell levels left.
You didn't know any spells.

Dungeon Overview and Level Annotations

Branches:
Dungeon (3/15)

Altars:

Annotations:
D:3 insainron1367's ghost, amateur MiBe


Innate Abilities, Weirdness & Mutations

Your flesh is heat resistant. (rF+)
You are slightly more attuned to the shadows.


Message History

Insainron1367's ghost is moderately damaged.
Unknown command.
You closely miss insainron1367's ghost.
Insainron1367's ghost is moderately damaged.
You are no longer berserk.
You are exhausted.
You feel yourself slow down.
Insainron1367's ghost barely misses you.
Unknown command.
You hit insainron1367's ghost but do no damage.
Insainron1367's ghost is moderately damaged.
Insainron1367's ghost barely misses you.
The orc closely misses you.
Insainron1367's ghost closely misses you.
Unknown command.
You hit insainron1367's ghost but do no damage.
Insainron1367's ghost is moderately damaged.
You hit the orc. x2; The orc misses you.
The orc barely misses you. Insainron1367's ghost hits you!
You die...

#.........# ###
#..!....(.#
...###....)....#
.....#.......(.#
#..........(..#
#..o..........#
.##..o.........#
.....W@$.[......
####.o..<......#
#........#..#
#......).# .#
#........# #
...........#
.#..........#
#.########.# .#


You could see insainron1367's ghost and 3 orcs.

Vanquished Creatures
  An adder (D:2)
  2 oozes (D:1)
  3 worms
  2 dart slugs (D:2)
  3 leopard geckos
  An orc (D:3)
  2 giant cockroaches
  6 goblins
  7 hobgoblins
  6 jackals
  3 kobolds (D:1)
  A quokka (D:2)
  4 bats
  4 frilled lizards
  9 rats
54 creatures vanquished.

Notes
Turn   | Place    | Note
-------+----------+-------------------------------------------
     0 | D:1      | Fang the Demonspawn Berserker began the quest for the Orb.
     0 | D:1      | Reached XP level 1. HP: 18/18 MP: 1/1
   291 | D:1      | a bat gained the power of zot (level 1).
   297 | D:1      | Gained mutation: Your flesh is heat resistant. (rF+) [demonic ancestry]
   297 | D:1      | Reached XP level 2. HP: 8/24 MP: 2/2
  1187 | D:1      | Gained mutation: You are slightly more attuned to the shadows. [demonic ancestry]
  1187 | D:1      | Reached XP level 3. HP: 28/29 MP: 3/3
  1674 | D:2      | Reached ** piety under Trog
  2358 | D:2      | Paralysed by fainting for 11 turns
  2410 | D:2      | HP: 1/29 [worm (6)]
  2411 | D:2      | Reached XP level 4. HP: 1/36 MP: 4/4
  3521 | D:3      | Noticed insainron1367's ghost (amateur MiBe)
  3543 | D:3      | Mangled by insainron1367's ghost

Vault maps used:
D:1:      shiori_arrival_oz, minmay_heptomino_d4

Skill      XL: |  1  2  3 |
---------------+----------+-----
Axes           | 3 |  3.9
Dodging        | 2 |  2.1
Fighting       | |  3.7
Armour         | |  1.8
Stealth        | |  0.2

Action                   |  1- 3 |  4- 6 || total
-------------------------+-------+-------++-------
Melee: Hand axe          |   151 |    54 ||   205
Invok: Berserk           |     1 |     2 ||     3
 Stab: Sleeping          |     5 |       ||     5
  Eat: Chunk             |     4 |     5 ||     9
Armor: Animal skin       |    47 |     5 ||    52
Dodge: Dodged            |   110 |    31 ||   141
